 Dungeon Crawl Stone Soup version 0.21.0-3-g78d12a8 (webtiles) character file.

16 Monsterracer the Ruffian (level 2, -1/25 HPs)
             Began as a Naga Transmuter on Jan 12, 2018.
             Slain by a leopard gecko (3 damage)
             ... on level 1 of the Dungeon.
             The game lasted 00:02:26 (289 turns).

Monsterracer the Ruffian (Naga Transmuter)           Turns: 289, Time: 00:02:27

Health: -1/25      AC:  1    Str: 12    XL:     2   Next: 58%
Magic:  3/5        EV: 10    Int: 13    God:
Gold:   10         SH:  0    Dex: 11    Spells: 2/5 levels left

rFire    . . .     SeeInvis +     - Unarmed
rCold    . . .     Gourm    .   (no shield)
rNeg     . . .     Faith    .   b - +0 robe
rPois    +         Spirit   .   (no helmet)
rElec    .         Reflect  .   (no cloak)
rCorr    .         Harm     .   (no gloves)
MR       .....                  (no barding)
Stlth    +.........             (no amulet)
HPRegen  0.08/turn              (no ring)
MPRegen  0.09/turn              (no ring)

@: very slow
A: large, see invisible, deformed body, poison resistance, slowness 2, slow
metabolism 1, spit poison 1, AC +0
a: Spit Poison


You were on level 1 of the Dungeon.
You were not hungry.

You visited 1 branch of the dungeon, and saw 1 of its levels.

You collected 10 gold pieces.

Inventory:

Missiles
 a - 39 arrows
Armour
 b - a +0 robe (worn)
Scrolls
 h - a scroll of identify {unknown}
Potions
 e - a potion of heal wounds {unknown}
 f - a potion of haste {unknown}
Books
 c - a book of Changes

   Spells                             Type                      Level
   a - Beastly Appendage              Transmutation                1
   b - Sticks to Snakes               Transmutation                2
   c - Spider Form                    Transmutation/Poison         3
   d - Ice Form                       Ice/Transmutation            4
   e - Blade Hands                    Transmutation                5
Comestibles
 d - 3 rations
 g - a chunk of flesh


   Skills:
 - Level 1.0 Fighting
 - Level 1.5 Dodging
 + Level 3.4 Unarmed Combat
 - Level 2.0 Spellcasting
 + Level 2.6 Transmutations


You had 2 spell levels left.
You knew the following spells:

 Your Spells              Type           Power        Failure   Level  Hunger
a - Beastly Appendage     Tmut           #.....       9%          1    ##.....
b - Sticks to Snakes      Tmut           #.......     13%         2    ###....


Dungeon Overview and Level Annotations

Branches:
Dungeon (1/15)

Altars:


Innate Abilities, Weirdness & Mutations

You cannot wear boots.
Your serpentine skin is tough. (AC +0)
You have supernaturally acute eyesight. (SInv)
Armour fits poorly on your strangely shaped body.
Your system is resistant to poisons. (rPois)
You cover ground very slowly.
You have a slow metabolism.
You can spit poison.


Message History

Health restored: 25; MP restored: 5 A goblin is nearby!
A hobgoblin comes into view.
You hit the goblin.
You kill the goblin!
The hobgoblin completely misses you. The hobgoblin hits you.
You take 4 damage, and have 21/25 hp.
You barely miss the hobgoblin.
The hobgoblin hits you but does no damage.
You closely miss the hobgoblin. The hobgoblin completely misses you.
You hit the hobgoblin.
The hobgoblin is heavily wounded.
The hobgoblin completely misses you.
You hit the hobgoblin.
You kill the hobgoblin!
No target in view!
No target in view!
d - 3 rations (gained 1)
Things that are here:
a runed dagger; a hobgoblin corpse Health restored: 25
Found a stone staircase leading down.
No target in view!
Found a spear.
No target in view!
You see here a spear.
You now have 10 gold pieces (gained 6).
h - a scroll labeled NIALYUMAOW A jackal comes into view.
The jackal barks!
The jackal moves out of view.
Found a stone staircase leading down.
A bat and a rat come into view.
There are monsters nearby!
The bat hits you.
The rat moves out of view.
You take 1 damage, and have 24/25 hp.
The bat hits you.
A kobold comes into view.
You take 1 damage, and have 23/25 hp.
Press: ? - help, Shift-Dir - straight line, f - bat
Aim: a bat The splash of poison hits the bat.
The bat is poisoned.
You kill the bat!
You feel slightly more hungry.
The jackal bites you but does no damage.
The kobold moves out of view.
Casting: Beastly Appendage
Confirm with . or Enter, or press ? or * to list all spells.
You grow a pair of large bovine horns.
The jackal barely misses you.
You now have 4/5 mp.
You closely miss the jackal. The jackal closely misses you.
You hit the jackal.
The jackal is lightly wounded.
The jackal bites you. x2
You take 4 damage, and have 19/25 hp.
You hit the jackal.
The jackal is heavily wounded.
The jackal bites you.
You take 1 damage, and have 18/25 hp.
You are too injured to fight recklessly!
You hit the jackal.
You kill the jackal!
You have got your breath back.
You start resting.
All of the chunks of flesh in your inventory have rotted away.
A leopard gecko comes into view.
Your transformation is almost over.
The leopard gecko moves out of view.
You see here a bat corpse.
You butcher the bat corpse.
The leopard gecko hisses angrily.
You hear a shout! x2
You see here a chunk of flesh.
MP restored: 5
g - a chunk of flesh Your horns disappear.
The leopard gecko bites you.
You take 4 damage, and have 15/25 hp.
The rat twitches its whiskers.
The leopard gecko closely misses you. The leopard gecko bites you.
You take 1 damage, and have 15/25 hp.
You hit the leopard gecko.
The leopard gecko is moderately wounded.
The leopard gecko bites you.
* * * LOW HITPOINT WARNING * * *
You take 5 damage, and have 10/25 hp.
You closely miss the leopard gecko.
The leopard gecko is moderately wounded.
The leopard gecko bites you.
* * * LOW HITPOINT WARNING * * *
You take 3 damage, and have 7/25 hp.
You hit the leopard gecko.
The leopard gecko is heavily wounded.
The leopard gecko bites you.
* * * LOW HITPOINT WARNING * * *
You take 5 damage, and have 2/25 hp.
Casting: Beastly Appendage
Confirm with . or Enter, or press ? or * to list all spells.
You create a snake!
You now have 39 arrows.
The leopard gecko bites you.
You die...

######## #......#
#......# #......#
#......# ###.Sr...#
#...#l#.##
###r#.#@#.#
#...#.K...###
#.#####....>##
........#
#...)..####..
>...#..##
##.##.......# ..
#K########......#####
#. #........#...# ..
.#####.###..# .. #.#
#..#


You could see a leopard gecko, a kobold, a rat and a friendly ball python.

Vanquished Creatures
  A gnoll (D:1)
  2 bats (D:1)
  A goblin (D:1)
  A hobgoblin (D:1)
  A jackal (D:1)
6 creatures vanquished.

Notes
Turn   | Place    | Note
-------+----------+-------------------------------------------
     0 | D:1      | Monsterracer the Naga Transmuter began the quest for the Orb.
     0 | D:1      | Reached XP level 1. HP: 18/18 MP: 3/3
    73 | D:1      | Reached XP level 2. HP: 20/25 MP: 3/5
    77 | D:1      | Learned a level 2 spell: Sticks to Snakes
   286 | D:1      | HP: 10/25 [leopard gecko (5)]
   288 | D:1      | HP: 2/25 [leopard gecko (5)]
   289 | D:1      | Slain by a leopard gecko

Action                   || total
-------------------------++-------
Melee: Unarmed           ||    19
 Cast: Beastly Appendage ||     2
       Sticks to Snakes  ||     1
 Abil: Spit Poison       ||     5
Armor: Robe              ||     6
Dodge: Dodged            ||    16

Vault maps used:
D:1:      dpeg_arrival_ratfight, st_stairs_3, minmay_tetromino_i2
